 Dungeon Crawl Stone Soup version 0.24.0-1-gfbc8707122 (webtiles) character file.

Game seed: 6755610971933334999, levelgen mode: deterministic

438 Aviak the Ducker (level 7, -4/42 HPs)
             Began as a Tengu Skald on Oct 27, 2019.
             Was a Follower of Ru.
             Killed by divine providence
             ... invoked by an orc priest
              (13 damage)
             ... on level 4 of the Dungeon on Oct 28, 2019.
             The game lasted 00:07:28 (4252 turns).

Aviak the Ducker (Tengu Skald)                      Turns: 4252, Time: 00:07:28

Health: -4/42      AC:  4    Str: 11    XL:     7   Next: 1%
Magic:  4/12       EV: 23    Int: 13    God:    Ru [*.....]
Gold:   105        SH:  0    Dex: 21    Spells: 6/12 levels left

rFire    . . .     SeeInvis .   m - +0 trident
rCold    . . .     Gourm    .   (no shield)
rNeg     + . .     Faith    .   b - +0 leather armour
rPois    .         Spirit   .   (helmet restricted)
rElec    .         Reflect  .   o - +0 cloak
rCorr    .         Harm     .   (no gloves)
MR       .....                  (boots unavailable)
Stlth    +++.......             k - amulet of the acrobat
HPRegen  0.14/turn              E - +1 ring of evasion
MPRegen  0.13/turn              q - ring of positive energy

@: agile, infused, singing, flying quickly and evasively, hasted, very quick
A: beak, talons 3, magic vulnerability 1, able to fly
a: Stop Flying, Renounce Religion


You were on level 4 of the Dungeon.
You worshipped Ru.
Ru was aware of your devotion.
You were not hungry.

You visited 1 branch of the dungeon, and saw 4 of its levels.

You collected 105 gold pieces.

Inventory:

Hand Weapons
 a - a +0 spear
 m - a +0 trident (weapon)
Armour
 b - a +0 leather armour (worn)
 o - a +0 cloak (worn)
Jewellery
 k - an amulet of the acrobat (around neck)
 q - a ring of positive energy (right hand)
 E - a +1 ring of evasion (left hand)
Scrolls
 c - 2 scrolls of enchant weapon
 e - a scroll of magic mapping
 i - a scroll of identify
 p - 2 scrolls of random uselessness
 r - 3 scrolls of remove curse
Potions
 f - a potion of haste
 n - a potion of might
Comestibles
 d - 7 rations


   Skills:
 + Level 3.7 Fighting
 + Level 4.0 Polearms
 - Level 1.1 Armour
 + Level 4.1 Dodging
 - Level 3.1 Spellcasting
 + Level 3.6 Charms


You had 6 spell levels left.
You knew the following spells:

 Your Spells              Type           Power        Failure   Level  Hunger
a - Infusion              Chrm           ##..         7%          1    #......
b - Song of Slaying       Chrm           ##......     11%         2    ##.....
c - Regeneration          Chrm/Necr      #.........   38%         3    ###....

Your spell library contained the following spells:

 Spells                   Type           Power        Failure   Level  Hunger
 Shroud of Golubria       Chrm/Tloc      #.....       22%         2    ##.....
 Spectral Weapon          Hex/Chrm       #.......     38%         3    ###....


Dungeon Overview and Level Annotations

Branches:
Dungeon (4/15)
 Temple: D:4-7

Altars:
Ru

Annotations:
D:3 2 runed translucent doors, Aviak's ghost, amateur DrCK


Innate Abilities, Weirdness & Mutations

You have a beak for a mouth.
You have claws for feet.
You are slightly vulnerable to magic. (MR-)
You can fly continuously.


Message History

The orc wizard casts a spell at you. The magic dart hits you!
* * * LOW HITPOINT WARNING * * *
You feel agile all of a sudden.
Okay, then.
Okay, then.
Okay, then.
Attack whom?
Press: ? - help, Dir - move target cursor, f - orc wizard
Aim: an orc wizard, wielding a +0 dagger and wearing a +0 robe You reach to attack!
You barely miss the orc wizard. You hit the orc wizard.
You peck the orc wizard.
The orc wizard is moderately wounded.
The orc priest miscasts a cantrip.
The orc wizard is stunned by your will and fails to attack.
You miss the orc wizard. Your peck misses the orc wizard.
The orc wizard is moderately wounded.
The orc priest calls down the wrath of Beogh upon you.
Beogh smites you!
You die...

#.# #.# #.##
#.# #.# #.# #<#
#.# #o# ###.#
#.# ##.#
#...######.#
########..#
#........#
#.o...o...#
#.########
#.######.##
#.#.## #o# #.#
##.###.## #@#
#... #.# ##.#
#.# #...
##.###.## #.#
#..## #.#.##
#.# #..# #..##
#.# #..#
####.## #.#
#..#
.....######
#.######..#####
##........#
#.............#
##.######.#
########..###.#


You could see an orc priest and an orc wizard.

Vanquished Creatures
  An ogre (D:4)
  2 orc priests (D:4)
  An orc wizard (D:4)
  2 iguanas (D:4)
  Terence (D:2)
  A worker ant (D:4)
  8 adders
  A worm (D:3)
  A dart slug (D:3)
  2 leopard geckos
  11 orcs
  5 ball pythons
  11 bats
  4 giant cockroaches
  5 goblins
  5 hobgoblins
  3 jackals (D:1)
  5 kobolds
  A quokka (D:4)
  3 frilled lizards
  6 rats
79 creatures vanquished.

Notes
Turn   | Place    | Note
-------+----------+-------------------------------------------
     0 | D:1      | Aviak the Tengu Skald began the quest for the Orb.
     0 | D:1      | Reached XP level 1. HP: 12/12 MP: 4/4
   363 | D:1      | Reached XP level 2. HP: 17/17 MP: 3/6
   710 | D:1      | Reached XP level 3. HP: 17/21 MP: 7/7
   940 | D:2      | Found a sacrificial altar of Ru.
   959 | D:2      | Became a worshipper of Ru the Awakened
   971 | D:2      | Noticed Terence
  1246 | D:2      | Learned a level 2 spell: Song of Slaying
  1250 | D:2      | Learned a level 3 spell: Regeneration
  1506 | D:2      | Reached XP level 4. HP: 25/27 MP: 3/8
  1694 | D:2      | Killed Terence
  1988 | D:3      | Gained mutation: You can fly continuously. [Tengu growth]
  1988 | D:3      | Reached XP level 5. HP: 32/32 MP: 10/10
  2770 | D:3      | Gained mutation: You are slightly vulnerable to magic.
                  | (MR-) [Ru sacrifice]
  2770 | D:3      | Reached * piety under Ru
  3140 | D:3      | Found a large runed translucent door.
  3141 | D:3      | Found a large runed translucent door.
  3141 | D:3      | Noticed Aviak's ghost (amateur DrCK)
  3516 | D:4      | Noticed an ogre
  3522 | D:4      | Killed an ogre
  3522 | D:4      | Reached XP level 6. HP: 37/37 MP: 9/11
  4244 | D:4      | Reached XP level 7. HP: 15/42 MP: 4/12
  4252 | D:4      | Killed from afar by an orc priest

Levels and vault maps discovered:
D:1:      minmay_arrival_four_houses, layout_loops_ring
D:2:      layout_loops_ring, hangedman_ru_absence, serial_bayou_pond_d,
          uniq_terence
D:3:      minmay_spotlight, layout_loops_corners, ebering_ghost_disaster_area
D:4:      minmay_angry_zag, layout_loops_ring, nicolae_zen_rock_garden

Skill      XL: |  1  2  3  4  5  6 |
---------------+-------------------+-----
Dodging        | 3 4 |  4.1
Polearms       | 3 4 |  4.0
Charms         | 3 |  3.6
Fighting       | 3 |  3.7
Spellcasting   | 3 |  3.1
Armour         | |  1.1

Action                   |  1- 3 |  4- 6 |  7- 9 || total
-------------------------+-------+-------+-------++-------
Melee: Spear             |   107 |    70 |       ||   177
       Kick              |    19 |    31 |       ||    50
       Peck              |    14 |    26 |     1 ||    41
       Trident           |       |    96 |     3 ||    99
 Cast: Infusion          |     7 |    14 |       ||    21
       Song of Slaying   |       |     1 |       ||     1
Invok: Sacrifice Essence |       |     1 |       ||     1
 Abil: Fly               |       |     1 |       ||     1
  Use: Potion            |     1 |     3 |     1 ||     5
       Scroll            |       |     8 |       ||     8
 Stab: Sleeping          |     3 |     1 |       ||     4
  Eat: Ration            |     1 |     1 |       ||     2
       Chunk             |       |     4 |       ||     4
Armor: Leather armour    |    20 |    20 |       ||    40
Dodge: Dodged            |    44 |    65 |       ||   109
